 Dungeon Crawl Stone Soup version 0.28-b1-1-g3c77fb2ed1 (webtiles) character file.

Game seed: 18438070703134071333

1 croobank the Sneak (level 1, -6/10 HPs)
             Began as a Felid Delver on Jan 28, 2022.
             Killed from afar by an orc wizard (12 damage)
             ... with a magic dart
             ... on level 4 of the Dungeon.
             The game lasted 00:00:30 (59 turns).

croobank the Sneak (Felid Delver)                     Turns: 59, Time: 00:00:30

Health: -6/10      AC:  1    Str:  8    XL:     1   Next: 16%
Magic:  2/2        EV: 17    Int: 11    God:
Gold:   0          SH:  0    Dex: 17    Spells: 0/0 levels left
                                        Lives:  0   Deaths: 0

rFire   . . .      SeeInvis +     - Unarmed
rCold   . . .      Faith    .   (shield unavailable)
rNeg    . . .      Spirit   .   (armour unavailable)
rPois   .          Reflect  .   (helmet unavailable)
rElec   .          Harm     .   (cloak unavailable)
rCorr   .          Rampage  .   (gloves unavailable)
Will    .....                   (boots unavailable)
Stlth   ++++......              (no amulet)
HPRegen 0.03/turn               (no ring)
MPRegen 0.08/turn               (no ring)

@: hasted, very quick
A: very small, claws 1, fangs 3, see invisible, speed 1, shaggy fur 1, stealthy
paws, no weapons or thrown items, no armour, multi-lived
a: no special abilities


You were on level 4 of the Dungeon.
You visited 1 branch of the dungeon, and saw 2 of its levels.

Inventory:

Wands
 e - a wand of digging (3)
Scrolls
 a - a scroll of fog
 b - a scroll of magic mapping
 c - a scroll of fear
 i - a scroll of identify {unknown}
Potions
 f - a potion of degeneration {unknown}
 g - a potion of attraction {unknown}
 h - a potion of berserk rage {unknown}


   Skills:
 + Level 3.0 Fighting
 + Level 2.7 Dodging
 + Level 6.6 Stealth
 + Level 2.0 Unarmed Combat


You couldn't memorise any spells.
You didn't know any spells.
Your spell library was empty.

Dungeon Overview and Level Annotations

Branches:
Dungeon (5/15)
 Temple: D:4-7

Altars:


Innate Abilities, Weirdness & Mutations

You have sharp claws.
You have razor-sharp teeth.
You have supernaturally acute eyesight. (SInv)
You cover ground quickly. (Speed+)
You are covered in fur. (AC +1)
Your paws help you pounce on unaware monsters.
You are incapable of wielding weapons or throwing items.
You cannot wear armour.
You gain extra lives every three experience levels.


Message History

The heart of this dungeon contains the legendary artefact, the Orb of Zot.
Press ? for a list of commands and other information.
Found a grey potion and a scroll labelled GIUTOR FENUL.
Found a stone staircase leading down and a stone staircase leading up.
f - a grey potion
There are no items here.
Found a scroll labelled UFOSMI ZIMM.
Found a cyan potion.
g - a scroll labelled GIUTOR FENUL
h - a cyan potion
i - a scroll labelled UFOSMI ZIMM
There is a stone staircase leading up here.
As you read the scroll labelled GIUTOR FENUL, it crumbles to dust.
You feel strangely unstable.
It was a scroll of teleportation.
You climb upwards.
The iguana hisses angrily.
Found 2 potions of haste, a scroll labelled YXORA QOTUDUTZ and a dagger.
There is a stone staircase leading down here.
Found 18 gold pieces.
Your surroundings suddenly seem different.
An endoplasm comes into view.
The helpless endoplasm fails to defend itself.
You mangle the endoplasm!!
You kill the endoplasm!
An orc wizard and an orc come into view.
Found a brown potion.
g - a brown potion An orc wizard and a black bear come into view.
The orc wizard shouts!
The black bear growls angrily.
You hear an angry hiss.
You hear a shout!
An orc wizard comes into view. It is wielding a +0 dagger.
The orc wizard gestures wildly while chanting.
The orc wizard flickers and vanishes for a moment.
You feel yourself speed up.
The orc wizard hits you with a +0 dagger.
An orc comes into view. It is wielding a +0 club.
The orc wizard points at you and mumbles some strange words.
The magic dart hits you!
Ouch! That really hurt!
You die...

........ ........
..o....# ......# .o..
#.###########
##########...........# #
#...o...@............#
.#.#o####################
...o.....# ..h......+
..........># .#...o.....#
#........!# #....l....#
.Z....l..#


You could see an orc wizard and an orc (wandering).

Vanquished Creatures
  An endoplasm (D:4)
1 creature vanquished.

Notes
Turn   | Place    | Note
-------+----------+-------------------------------------------
     0 | D:5      | croobank the Felid Delver began the quest for the Orb.
     0 | D:5      | Reached XP level 1. HP: 10/10 MP: 2/2
    31 | D:4      | Noticed an iguana
    41 | D:4      | Noticed an orc wizard
    51 | D:4      | Noticed an orc wizard
    51 | D:4      | Noticed a black bear
    52 | D:4      | Noticed an orc wizard
    59 | D:4      | Killed from afar by an orc wizard

Illustrated notes

Levels and vault maps discovered:
D:4:      layout_basic, marbit_many_paths, uniq_crazy_yiuf_cottage, uniq_grinder
D:5:      layout_rooms, lemuel_doored_altar, minmay_temple_entry_large_hall,
          nrook_mini_vaults, kennysheep_dice

Action                   || total
-------------------------++-------
Melee: Unarmed           ||     1
  Use: Scroll            ||     1
       Potion            ||     1
 Stab: Sleeping          ||     1
